[Event "Team 45 45 League T37"]
[Site "Internet Chess Club"]
[Date "2008.04.24"]
[Round "1"]
[White "LoseOften"]
[Black "jesterday"]
[Result "1-0"]
[WhiteElo "1865"]
[BlackElo "1955"]
[Opening "King's knight's gambit"]
[ECO "C34"]
[Time "14:01:58"]
[TimeControl "2700+45"]

1. e4 e5 2. f4 exf4 3. Nf3 Nc6 4. d4 d5 5. exd5 Qxd5 6. Nc3 Bb4 7. Be2 Bg4 8.
O-O Bxc3 9. bxc3 g5 10. Rb1 O-O-O 11. Rb5 Qxa2 12. Rxg5 Be6 13. Bxf4 Nf6 14. Nd2
Nd5 15. Bc4 Qa3 16. Bxd5 Rxd5 17. Rxd5 Bxd5 18. c4 Bxg2 19. Qg4+ Kb8 20. Qxg2
Qf8 21. Qf2 Qg7+ 22. Kh1 Rg8 23. Be3 Nb4 24. Nf3 Qg6 25. Rg1 {Black resigns} 1-0

[Event "Team 45 45 League T37"]
[Site "Internet Chess Club"]
[Date "2008.04.27"]
[Round "1"]
[White "besonegro"]
[Black "QueensCounselor"]
[Result "0-1"]
[WhiteElo "1717"]
[BlackElo "1820"]
[Opening "Sicilian: Najdorf"]
[ECO "B90"]
[Time "11:59:56"]
[TimeControl "2700+45"]

1. e4 c5 2. Nf3 d6 3. d4 cxd4 4. Nxd4 Nf6 5. Nc3 a6 6. Bd3 e6 7. O-O Be7 8. Be3
O-O 9. f4 e5 10. Nf3 exf4 11. Bxf4 Qb6+ 12. Kh1 Nc6 13. a3 Bg4 14. Qc1 Rfe8 15.
Nd5 Nxd5 16. exd5 Nd4 17. Be3 Bxf3 18. Rxf3 Qc5 19. Qd1 Bf6 20. Rh3 Rxe3 21.
Rxe3 Nxc2 22. Qxc2 Qxe3 23. Bxh7+ Kf8 24. Bd3 Re8 25. Rf1 Bxb2 26. Qc7 Qe7 27.
Qb6 Bxa3 28. Bg6 Kg8 29. Bb1 Bc5 30. Qb3 b5 31. Qd3 g6 32. Qf3 b4 33. Bd3 a5 34.
Qg4 Rb8 35. Bxg6 fxg6 36. Qxg6+ Qg7 37. Qe6+ Kh8 38. Qh3+ Qh7 39. Qb3 Re8 40.
Qa4 Qe4 41. Qd1 Qe2 42. Qa1+ Qe5 43. Qc1 Kg8 44. Qh6 Qf5 45. Rd1 Re2 46. Qh4 Rf2
47. Qd8+ Kf7 48. Qc7+ Kg6 49. h3 Rf1+ 50. Rxf1 Qxf1+ 51. Kh2 a4 52. Qd8 Qf4+ 53.
Kh1 Qf7 54. Qa8 a3 55. Qa4 Qf1+ 56. Kh2 Bg1+ 57. Kg3 Qf2+ 58. Kg4 Qxg2+ 59. Kf4
Qf2+ 60. Kg4 Qf5+ 61. Kg3 Qe5+ 62. Kg2 Bc5 63. Qc2+ Qf5 64. Qb3 Qf2+ {White
resigns} 0-1

[Event "Team 45 45 League T37"]
[Site "Internet Chess Club"]
[Date "2008.04.27"]
[Round "1"]
[White "hansolo1000"]
[Black "makito"]
[Result "0-1"]
[WhiteElo "1738"]
[BlackElo "1712"]
[Opening "Grünfeld defense"]
[ECO "D80"]
[Time "03:16:05"]
[TimeControl "2700+45"]

1. d4 Nf6 2. c4 g6 3. Nc3 d5 4. e3 Bg7 5. Bd3 O-O 6. Nge2 c6 7. O-O Nbd7 8. f4
a6 9. Qc2 dxc4 10. Bxc4 b5 11. Bb3 Bb7 12. Ne4 Nxe4 13. Qxe4 Nf6 14. Qc2 Qb6 15.
f5 g5 16. e4 h6 17. e5 Nd7 18. f6 exf6 19. exf6 Nxf6 20. Qg6 c5 21. dxc5 Qxc5+
22. Kh1 Be4 {White resigns} 0-1

[Event "Team 45 45 League T37"]
[Site "Internet Chess Club"]
[Date "2008.04.27"]
[Round "1"]
[White "incachess"]
[Black "Beancounter"]
[Result "1/2-1/2"]
[WhiteElo "1651"]
[BlackElo "1722"]
[Opening "Mieses opening"]
[ECO "A00"]
[Time "11:00:49"]
[TimeControl "2700+45"]

1. d3 Nf6 2. c4 g6 3. Qc2 Bg7 4. e3 O-O 5. Be2 c5 6. a3 d5 7. cxd5 Nxd5 8. Qxc5
Na6 9. Qc2 Be6 10. Bd2 Rc8 11. Nc3 b5 12. d4 Qb6 13. b4 Nxc3 14. Bxc3 Nc7 15.
Rc1 Nd5 16. Qb2 Nxc3 17. Rxc3 Rxc3 18. Qxc3 Rc8 19. Qb2 Bf5 20. Bd1 Qc7 21. Ne2
e5 22. O-O exd4 23. Nxd4 Bd3 24. Be2 Bxe2 25. Qxe2 a6 26. Qd2 Qc3 27. Qxc3 Rxc3
28. Ra1 Rd3 29. Kf1 Bxd4 30. exd4 Rxd4 31. Ke2 Rc4 32. Kd3 {Game drawn by mutual
agreement} 1/2-1/2

[Event "Team 45 45 League T37"]
[Site "Internet Chess Club"]
[Date "2008.04.27"]
[Round "1"]
[White "xakelari"]
[Black "fishhead"]
[Result "1-0"]
[WhiteElo "2031"]
[BlackElo "1927"]
[Opening "Alekhine's defense"]
[ECO "B02"]
[Time "12:07:40"]
[TimeControl "2700+45"]

1. e4 Nf6 2. Nc3 d6 3. f4 g6 4. Nf3 Bg7 5. g3 Nbd7 6. Bg2 c6 7. O-O e5 8. fxe5
dxe5 9. d3 Qc7 10. Kh1 O-O 11. Bg5 h6 12. Be3 Re8 13. Qd2 Ng4 14. Bg1 Nf8 15. h3
Nf6 16. Be3 g5 17. h4 g4 18. Ng1 Nh5 19. Nge2 Kh7 20. Rf2 Be6 21. Raf1 Qe7 22.
Kg1 Ng6 23. Rf5 Bxf5 24. exf5 Nxh4 25. f6 Bxf6 26. gxh4 Bxh4 27. Be4+ Kh8 28.
Bxh6 Ng7 29. Qe3 Ne6 30. Rf5 Rad8 31. Rh5 Kg8 32. Bh7+ Kh8 33. Bg7+ Nxg7 34.
Bg6+ Kg8 35. Rh8+ {Black resigns} 1-0

[Event "Team 45 45 League T37"]
[Site "Internet Chess Club"]
[Date "2008.04.27"]
[Round "1"]
[White "CREDITorDEBIT"]
[Black "IceBox"]
[Result "1-0"]
[WhiteElo "1754"]
[BlackElo "1698"]
[Opening "French: Steinitz variation"]
[ECO "C11"]
[Time "11:02:28"]
[TimeControl "2700+45"]

1. e4 e6 2. d4 d5 3. Nc3 Nf6 4. e5 Nfd7 5. Nce2 c5 6. c3 Qb6 7. Nf3 Nc6 8. g3
cxd4 9. cxd4 Bb4+ 10. Bd2 O-O 11. Bh3 Qa5 12. a3 Bxd2+ 13. Qxd2 Nb6 14. b3 Qxd2+
15. Nxd2 Bd7 16. f4 Rac8 17. Kf2 Rc7 18. Rhc1 Rfc8 19. Ke3 Ne7 20. g4 Bb5 21.
Rxc7 Rxc7 22. Rc1 Rxc1 23. Nxc1 Kf8 24. a4 Bd7 25. Nd3 Nc6 26. Bf1 Bc8 27. Be2
Ke8 28. Nb1 Na5 29. Bd1 Nd7 30. Nc3 a6 31. Nb2 Nc6 32. Na2 Nb6 33. b4 Nc4+ 34.
Nxc4 dxc4 35. Bf3 Kd7 36. d5 Ne7 37. Kd4 exd5 38. Bxd5 Nxd5 39. Kxd5 Kc7 40. f5
Bd7 41. a5 h5 42. h3 hxg4 43. hxg4 g6 44. fxg6 fxg6 45. g5 Bf5 46. Nc3 Kd7 47.
Kxc4 Ke6 48. Kd4 Bg4 49. Ne4 Bf3 50. Nd6 Bc6 51. Nc8 Kf5 52. Ne7+ Kxg5 53. Nxc6
bxc6 54. Kc5 Kf5 55. Kd6 g5 56. e6 {Black resigns} 1-0

[Event "Team 45 45 League T37"]
[Site "Internet Chess Club"]
[Date "2008.04.26"]
[Round "1"]
[White "Dbronstein06"]
[Black "Mater"]
[Result "0-1"]
[WhiteElo "1682"]
[BlackElo "1688"]
[Opening "Sicilian: dragon, Yugoslav attack, 9.Bc4"]
[ECO "B77"]
[Time "09:04:23"]
[TimeControl "2700+45"]

1. e4 c5 2. Nf3 Nc6 3. d4 cxd4 4. Nxd4 d6 5. Nc3 g6 6. Be3 Bg7 7. Qd2 Nf6 8. f3
O-O 9. Bc4 a6 10. O-O-O Qc7 11. Bb3 b5 12. Nd5 Nxd5 13. Bxd5 Bb7 14. Nxc6 Bxc6
15. Bh6 Rac8 16. Bxg7 Kxg7 17. h4 Bxd5 18. exd5 b4 19. h5 Rh8 20. hxg6 hxg6 21.
Rxh8 Rxh8 22. Qxb4 Rh2 23. Qd4+ f6 24. Qg1 Rh8 25. Qe3 Rh2 26. Re1 Kf7 27. Qe6+
Kf8 28. Re2 Rh1+ 29. Kd2 Rh5 30. c3 Qb7 31. Kc2 Rxd5 32. Qe4 Rb5 33. Qxb7 Rxb7
34. b4 d5 35. a4 e5 36. Kb3 Ke7 37. c4 dxc4+ 38. Kxc4 Kd6 39. Rd2+ Kc6 40. Rd5
Rxb4+ 41. Kxb4 Kxd5 42. Ka5 Kc6 43. Kxa6 f5 44. a5 e4 45. fxe4 fxe4 46. Ka7 Kc7
47. a6 e3 48. Ka8 e2 49. a7 e1=Q {White resigns} 0-1

[Event "Team 45 45 League T37"]
[Site "Internet Chess Club"]
[Date "2008.04.26"]
[Round "1"]
[White "kwameh72"]
[Black "chipionero"]
[Result "0-1"]
[WhiteElo "1632"]
[BlackElo "1712"]
[Opening "Sicilian: Grand Prix attack"]
[ECO "B21"]
[Time "10:40:35"]
[TimeControl "2700+45"]

1. e4 c5 2. f4 d6 3. Nf3 Nc6 4. Na3 a6 5. Be2 b5 6. c3 Nf6 7. d3 e6 8. O-O Be7
9. Nc2 O-O 10. e5 dxe5 11. fxe5 Nd7 12. d4 cxd4 13. cxd4 Nb6 14. Kh1 Qc7 15. Be3
Rd8 16. Rc1 Nd5 17. Bg1 Nf4 18. Bd3 Nxd3 19. Qxd3 Nxe5 20. Nxe5 Qxe5 21. Qxh7+
Kxh7 22. dxe5 Kg8 23. Bb6 Rd7 24. Ba5 Bb7 25. Rfd1 Rxd1+ 26. Rxd1 Rc8 27. Bc3
Rd8 28. Rd4 Rxd4 29. Bxd4 Kh7 30. a3 Kg6 31. Kg1 Kf5 32. g3 Bd8 33. h3 Bc7 34.
g4+ Ke4 35. Kf2 Bxe5 36. Bxe5 Kxe5 37. Ke3 g5 38. Nd4 f5 39. h4 f4+ 40. Kf2 Kxd4
41. hxg5 Be4 42. b4 Kc3 43. a4 Kxb4 44. axb5 axb5 45. g6 Bxg6 46. Kf3 e5 {White
resigns} 0-1

[Event "Team 45 45 League T37"]
[Site "Internet Chess Club"]
[Date "2008.04.27"]
[Round "1"]
[White "TheIdeal"]
[Black "alastorx"]
[Result "0-1"]
[WhiteElo "1865"]
[BlackElo "1861"]
[Opening "English opening: Agincourt variation"]
[ECO "A13"]
[Time "10:31:36"]
[TimeControl "2700+45"]

1. Nf3 e6 2. c4 d5 3. b3 c5 4. e3 Nc6 5. Bb2 Nf6 6. d4 cxd4 7. exd4 Bd6 8. c5
Bc7 9. Nc3 O-O 10. Bb5 e5 11. Bxc6 bxc6 12. Nxe5 Ba6 13. f4 Ne4 14. Qg4 Nxc3 15.
Bxc3 Qe8 16. O-O-O f6 17. Nf3 Qe4 18. Bd2 Be2 19. Rdg1 Rf7 20. Kb2 Qd3 21. Bc3
Re8 22. Re1 Rfe7 23. Rhg1 Bxf3 24. Rxe7 Bxg4 25. Rxe8+ Kf7 26. Rge1 Bxf4 27.
R8e7+ Kg6 28. h4 Bd2 29. Bxd2 Qxd2+ 30. Ka3 Qxd4 31. Rc1 Qd2 32. Rce1 Qa5+
{White resigns} 0-1

[Event "Team 45 45 League T37"]
[Site "Internet Chess Club"]
[Date "2008.04.27"]
[Round "1"]
[White "Egmont"]
[Black "Rainbird"]
[Result "1-0"]
[WhiteElo "1791"]
[BlackElo "1789"]
[Opening "French defense"]
[ECO "C00"]
[Time "09:02:42"]
[TimeControl "2700+45"]

1. e4 e6 2. c3 d5 3. exd5 exd5 4. d4 Bd6 5. Nf3 Ne7 6. Bd3 Nbc6 7. Bg5 Bg4 8.
Nbd2 Qd7 9. O-O O-O-O 10. b4 f6 11. Be3 Ng6 12. a4 Nf4 13. Bxf4 Bxf4 14. Qc2 h5
15. h3 Kb8 16. a5 g5 17. b5 Nb4 18. cxb4 Bxh3 19. gxh3 Qxh3 20. Bf5 g4 21. b6
gxf3 22. Bxh3 Rdg8+ 23. Kh1 {Black resigns} 1-0

[Event "Team 45 45 League T37"]
[Site "Internet Chess Club"]
[Date "2008.04.24"]
[Round "1"]
[White "Langshaw"]
[Black "chinta"]
[Result "0-1"]
[WhiteElo "1733"]
[BlackElo "1652"]
[Opening "QGA: 3.Nf3"]
[ECO "D21"]
[Time "13:06:16"]
[TimeControl "2700+45"]

1. d4 d5 2. c4 dxc4 3. Nf3 c6 4. a4 a5 5. e3 b5 6. axb5 cxb5 7. Nc3 Bd7 8. b3 b4
9. Na2 cxb3 10. Nxb4 a4 11. Bc4 e6 12. Nd3 Nc6 13. O-O Na5 14. Nde5 Nxc4 15.
Nxd7 Qxd7 16. Qe2 Rc8 17. Rd1 Nf6 18. Ne5 Qb5 19. Bb2 Ne4 20. Rdc1 Ned6 21. Ba3
b2 22. Bxb2 Qxb2 23. Qxb2 Nxb2 24. Rcb1 Ndc4 25. Nxc4 Nxc4 26. Rxa4 Be7 27. Ra7
Nd6 28. g3 f5 29. Rba1 Kf7 30. Rd7 Kf6 31. Raa7 Rhe8 32. f3 Rc2 {White resigns}
0-1

[Event "Team 45 45 League T37"]
[Site "Internet Chess Club"]
[Date "2008.04.26"]
[Round "1"]
[White "NFK"]
[Black "Konstantinos"]
[Result "1-0"]
[WhiteElo "1668"]
[BlackElo "1641"]
[Opening "Scotch gambit"]
[ECO "C44"]
[Time "04:01:55"]
[TimeControl "2700+45"]

1. e4 e5 2. Nf3 Nc6 3. d4 exd4 4. Bc4 d6 5. Nxd4 Nf6 6. Nxc6 bxc6 7. Nc3 Be7 8.
e5 dxe5 9. Qxd8+ Bxd8 10. O-O O-O 11. Re1 Re8 12. h3 Be6 13. Bb3 Bxb3 14. axb3
Re6 15. Be3 a6 16. Ra5 Be7 17. Rea1 Bb4 18. Rxa6 Rxa6 19. Rxa6 h6 20. Ra7 Bd6
21. Kf1 Nd5 22. Nd1 Re8 23. Rb7 Ra8 24. Ke2 Ra2 25. Ra7 Rxa7 26. Bxa7 c5 27. Ne3
Nb4 28. c3 Nc6 29. Bxc5 Bxc5 30. b4 Bxe3 31. Kxe3 Kf8 32. Ke4 f6 33. Kd5 Ke7 34.
b5 Nd8 35. c4 Kd7 36. c5 c6+ 37. bxc6+ Nxc6 38. Kc4 Nd4 39. b4 Kc6 40. f4 Nf5
41. b5+ Kc7 42. fxe5 fxe5 43. Kd5 Ne3+ 44. Kxe5 Nxg2 45. Ke6 Nf4+ 46. Ke7 Nxh3
47. b6+ Kc8 48. c6 Nf4 49. Kd6 h5 50. b7+ Kb8 51. c7+ Kxb7 52. Kd7 Nd5 53. c8=Q+
{Black resigns} 1-0

[Event "Team 45 45 League T37"]
[Site "Internet Chess Club"]
[Date "2008.04.25"]
[Round "1"]
[White "Gail"]
[Black "therealwizard"]
[Result "1-0"]
[WhiteElo "2435"]
[BlackElo "2149"]
[Opening "QGD Slav: Dutch variation"]
[ECO "D18"]
[Time "09:00:30"]
[TimeControl "2700+45"]

1. d4 d5 2. Nf3 Nf6 3. c4 c6 4. Nc3 dxc4 5. a4 Bf5 6. e3 e6 7. a5 Bb4 8. Qa4 Qe7
9. Bxc4 O-O 10. O-O Nbd7 11. Be2 Ne4 12. Qb3 c5 13. Nd2 Ndf6 14. Ndxe4 Bxe4 15.
Nxe4 Nxe4 16. Bf3 Ng5 17. Bg4 cxd4 18. exd4 Rad8 19. Be3 Rd5 20. a6 b5 21. Be2
Rc8 22. Rfc1 Rcd8 23. Rc6 Bd6 24. Rac1 Qd7 25. h4 Ne4 26. Bf3 f5 27. Bxe4 fxe4
28. Qc2 Rf8 29. Qxe4 Rdf5 30. g4 R5f7 31. Kg2 Qe7 32. Rh1 e5 33. dxe5 Bxe5 34.
Rc5 Bf4 35. Qxe7 Rxe7 36. Re1 Re4 37. Bd2 Ra4 38. Bc3 Rxa6 39. Rxb5 Rg6 40. f3
a6 41. Rb7 Rc6 42. Rxg7+ {Black resigns} 1-0

[Event "Team 45 45 League T37"]
[Site "Internet Chess Club"]
[Date "2008.04.26"]
[Round "1"]
[White "Fezzik"]
[Black "DocHoliday"]
[Result "1-0"]
[WhiteElo "2060"]
[BlackElo "1871"]
[Opening "Bogo-Indian defense, Nimzovich variation"]
[ECO "E11"]
[Time "20:19:06"]
[TimeControl "2700+45"]

1. d4 Nf6 2. c4 e6 3. Nf3 Bb4+ 4. Bd2 Qe7 5. g3 Nc6 6. Nc3 Bxc3 7. Bxc3 Ne4 8.
Rc1 O-O 9. Bg2 d6 10. d5 Nxc3 11. Rxc3 Nb8 12. dxe6 fxe6 13. Nd4 c6 14. O-O Nd7
15. Bxc6 bxc6 16. Nxc6 Qe8 17. Qxd6 Bb7 18. Re3 Bxc6 19. Rxe6 Qf7 20. Qxc6 Rfc8
21. Qd6 Nc5 22. Re7 Qxc4 23. Qe5 Qg4 24. Rc1 Na4 25. Rxc8+ Rxc8 26. Re8+ Kf7 27.
Qe7+ Kg6 28. Rxc8 Qxc8 29. Qe4+ {Black resigns} 1-0

[Event "Team 45 45 League T37"]
[Site "Internet Chess Club"]
[Date "2008.04.27"]
[Round "1"]
[White "FiendAngelical"]
[Black "kabindra"]
[Result "1-0"]
[WhiteElo "1881"]
[BlackElo "1899"]
[Opening "Ruy Lopez: closed, Chigorin, 12...c5d4"]
[ECO "C99"]
[Time "13:59:18"]
[TimeControl "2700+45"]

1. e4 e5 2. Nf3 Nc6 3. Bb5 a6 4. Ba4 Nf6 5. O-O Be7 6. Re1 b5 7. Bb3 d6 8. c3
O-O 9. h3 Na5 10. Bc2 c5 11. d4 Qc7 12. Nbd2 cxd4 13. cxd4 Bb7 14. d5 Rfc8 15.
Bd3 Nh5 16. Nf1 g6 17. g4 Nf4 18. Bxf4 exf4 19. Qd2 Bf6 20. Rac1 Nc4 21. Bxc4
bxc4 22. Qxf4 Bxb2 23. Rc2 c3 24. Ne3 a5 25. Nd1 Qc4 26. Qh6 f6 27. g5 Qd3 28.
gxf6 Rc7 29. Ne3 Rf8 30. Ng5 Rxf6 31. Ne6 Rcf7 32. Ng5 Rd7 33. Ne6 Qxe4 34. Qg5
Rff7 35. Ree2 Ba6 36. Ng4 Qf3 37. Re3 Qd1+ 38. Kg2 Qxc2 39. Nh6+ Kh8 40. Nxf7+
Kg8 41. Nh6+ {Black resigns} 1-0

[Event "Team 45 45 League T37"]
[Site "Internet Chess Club"]
[Date "2008.04.25"]
[Round "1"]
[White "Capamuerte"]
[Black "syy89"]
[Result "1/2-1/2"]
[WhiteElo "2230"]
[BlackElo "2118"]
[Opening "Van't Kruijs opening"]
[ECO "E60"]
[Time "22:08:20"]
[TimeControl "2700+45"]

1. e3 Nf6 2. c4 g6 3. d4 Bg7 4. Nf3 O-O 5. Be2 d6 6. Nc3 Nbd7 7. b4 a5 8. bxa5
c5 9. O-O Qxa5 10. Bd2 Nh5 11. Nd5 Qd8 12. a4 e6 13. Nc3 f5 14. Nb5 Qe7 15. Qc2
g5 16. e4 g4 17. Ng5 Ndf6 18. exf5 exf5 19. Rfe1 Qd8 20. Bd3 Ne8 21. a5 Nc7 22.
Qb3 Nxb5 23. cxb5+ d5 24. a6 bxa6 25. Ba5 Qxg5 26. Qxd5+ Be6 27. Qxe6+ Kh8 28.
bxa6 Bxd4 29. Rab1 Nf4 30. Qc4 Qh4 31. g3 Nh3+ 32. Kf1 Qf6 33. Rb6 Qg5 34. Bc3
Qg7 35. Rc1 Rad8 36. Bxd4 cxd4 37. Qc7 Rd7 38. Qc5 f4 39. Bf5 Rdf7 40. Be6 Rf6
41. Rb7 Qh6 42. Qxd4 fxg3 43. Rcc7 g2+ 44. Kxg2 Nf4+ 45. Kh1 Nxe6 46. Rxh7+ Qxh7
47. Rxh7+ Kxh7 48. Qe4+ Kg7 49. a7 Nc7 50. Qxg4+ Rg6 51. Qd7+ Rf7 52. Qd8 Ne6
53. Qa5 Nc7 54. h4 Rgf6 55. Qc3 Kh7 56. Qc2+ Kg7 57. Kg2 Rg6+ 58. Kh3 Rgf6 59.
Qc3 Kh7 60. Qd3+ Kg7 61. Qd4 Kh7 {Game drawn by mutual agreement} 1/2-1/2

[Event "Team 45 45 League T37"]
[Site "Internet Chess Club"]
[Date "2008.04.26"]
[Round "1"]
[White "elnik"]
[Black "Intelectual"]
[Result "1/2-1/2"]
[WhiteElo "1930"]
[BlackElo "1913"]
[Opening "QGD: Orthodox defense"]
[ECO "D63"]
[Time "21:06:34"]
[TimeControl "2700+45"]

1. d4 d5 2. c4 e6 3. Nc3 Nf6 4. Bg5 Be7 5. Nf3 O-O 6. e3 Nbd7 7. Rc1 c6 8. cxd5
exd5 9. Bd3 Re8 10. Qc2 h6 11. Bh4 Ne4 12. Bxe7 Qxe7 13. O-O b6 14. a3 Bb7 15.
b4 Rac8 16. Qb3 Ndf6 17. Rfd1 Nxf2 18. Kxf2 Ng4+ 19. Kg3 Nxe3 20. Re1 Qf6 21.
Kf2 Ng4+ 22. Kg1 Qf4 23. Qc2 Re3 24. Rxe3 Qxe3+ 25. Kf1 Qf4 26. Qd2 Nxh2+ 27.
Kf2 Ng4+ 28. Kg1 Qxd2 29. Nxd2 Re8 30. Nf3 Re3 31. Bf5 Nf6 32. Kf2 Re8 33. Re1
Kf8 34. Rxe8+ Kxe8 35. Ne5 g6 36. Bd3 Ke7 37. g3 Ne8 38. Ke3 Nc7 39. Ne2 Ne6 40.
Nf4 Ng5 41. Nf3 Nh7 42. Ne5 {Game drawn by mutual agreement} 1/2-1/2

[Event "Team 45 45 League T37"]
[Site "Internet Chess Club"]
[Date "2008.04.27"]
[Round "1"]
[White "deathmage"]
[Black "joshua9"]
[Result "0-1"]
[WhiteElo "1676"]
[BlackElo "1765"]
[Opening "Petrov: French attack"]
[ECO "C42"]
[Time "12:00:11"]
[TimeControl "2700+45"]

1. e4 e5 2. Nf3 Nf6 3. Nxe5 d6 4. Nf3 Nxe4 5. d3 Nf6 6. g3 Be7 7. Bg2 O-O 8. O-O
Nc6 9. Nc3 Bg4 10. h3 Bh5 11. g4 Bg6 12. Bf4 h6 13. a3 Nh7 14. Bg3 Ng5 15. Nxg5
Bxg5 16. f4 Bh4 17. Bxh4 Qxh4 18. Bxc6 bxc6 19. Kg2 f5 20. Qe1 Qf6 21. Qf2 Rab8
22. b3 Qxc3 23. Rae1 Rbe8 24. Re2 Rxe2 25. Qxe2 Re8 26. Qf2 a5 27. a4 c5 28. Rd1
d5 29. Rd2 c4 30. bxc4 dxc4 31. d4 Qa3 32. Re2 Rxe2 33. Qxe2 Qxa4 34. Qe6+ Kh7
35. gxf5 Qxc2+ 36. Kg3 Qxf5 37. Qxc4 Qd3+ 38. Qxd3 Bxd3 {White resigns} 0-1

[Event "Team 45 45 League T37"]
[Site "Internet Chess Club"]
[Date "2008.04.25"]
[Round "1"]
[White "bobhill"]
[Black "gametracker"]
[Result "0-1"]
[WhiteElo "1996"]
[BlackElo "2068"]
[Opening "Queen's pawn"]
[ECO "A40"]
[Time "23:03:12"]
[TimeControl "2700+45"]

1. d4 e6 2. Nf3 d5 3. Bg5 Nf6 4. e3 Be7 5. Bd3 h6 6. Bh4 c5 7. c3 Nbd7 8. Nbd2
c4 9. Bc2 b5 10. O-O O-O 11. e4 Nxe4 12. Bxe7 Qxe7 13. Nxe4 dxe4 14. Bxe4 Rb8
15. Re1 Nf6 16. Bc2 Bb7 17. Qe2 Bd5 18. Ne5 Rfc8 19. a3 a5 20. Qe3 b4 21. axb4
axb4 22. Ra4 bxc3 23. bxc3 Rb2 24. Qc1 Qb7 25. f3 Ne8 26. Re2 Rb6 27. Qa1 Rc7
28. Re1 Rb2 29. Rb1 Rxb1+ 30. Bxb1 Qb3 31. h3 Rb7 32. Be4 Bxe4 33. fxe4 Nd6 34.
Nf3 Nxe4 35. Rxc4 Kh7 36. Qf1 f5 37. Qd3 Qb2 38. Qe3 Qa1+ 39. Kh2 Rb1 40. Ng1
Re1 41. Ra4 Qd1 42. Qf3 Qxa4 43. d5 Qa7 44. Ne2 Ng5 45. Qd3 Qf2 46. dxe6 Rxe2
47. Qd5 Qf4+ {White resigns} 0-1

[Event "Team 45 45 League T37"]
[Site "Internet Chess Club"]
[Date "2008.04.27"]
[Round "1"]
[White "A-Ru"]
[Black "chilltown"]
[Result "1-0"]
[WhiteElo "1830"]
[BlackElo "1922"]
[Opening "Old Benoni defense"]
[ECO "A46"]
[Time "13:31:41"]
[TimeControl "2700+45"]

1. d4 Nf6 2. Nf3 c5 3. d5 g6 4. Nc3 Bg7 5. e4 d6 6. Bb5+ Nbd7 7. a4 Qb6 8. a5
Qc7 9. O-O a6 10. Be2 O-O 11. Bg5 Re8 12. Bf4 Ng4 13. Qd2 Nge5 14. Bh6 Bh8 15.
Ng5 f6 16. Ne6 Qb8 17. h4 Nf7 18. Be3 Nf8 19. Nxf8 Rxf8 20. h5 g5 21. f4 h6 22.
Na4 gxf4 23. Bxf4 Ng5 24. Bxg5 fxg5 25. Rxf8+ Kxf8 26. Rf1+ Ke8 27. Nb6 Bd7 28.
Qd1 Bxb2 29. Bg4 Bd4+ 30. Kh1 Bb5 31. c4 Bxc4 32. Nxc4 b5 33. Nb6 Ra7 34. Qf3
Bf6 35. Qf5 Qc7 36. Qe6 Kf8 37. Bf5 {Black resigns} 1-0

[Event "Team 45 45 League T37"]
[Site "Internet Chess Club"]
[Date "2008.04.28"]
[Round "1"]
[White "PrincessChess"]
[Black "blackcatdillac"]
[Result "1/2-1/2"]
[WhiteElo "1840"]
[BlackElo "1830"]
[Opening "Scandinavian (center counter) defense"]
[ECO "B01"]
[Time "18:05:58"]
[TimeControl "2700+45"]

1. e4 d5 2. exd5 Qxd5 3. Nc3 Qa5 4. Nf3 Nf6 5. Be2 Bf5 6. d3 Nbd7 7. O-O e6 8.
Nd4 Bg6 9. Nb3 Qb4 10. Be3 c6 11. a3 Qd6 12. Bf3 Qc7 13. Re1 Bd6 14. h3 O-O 15.
Qd2 Nd5 16. Nxd5 exd5 17. Rad1 Ne5 18. Be2 Rad8 19. Qa5 b6 20. Qd2 c5 21. Qc1 d4
22. Bd2 f5 23. f4 Nc6 24. Rf1 Bf7 25. Bf3 Ne7 26. Rde1 Nd5 27. Bd1 Rfe8 28.
Rxe8+ Rxe8 29. g3 Ne3 30. Rf2 Bd5 31. Bf3 Qc6 32. Bxd5+ Qxd5 33. h4 Ng4 34. Rg2
Ne3 35. Bxe3 Rxe3 36. Qf1 Qe6 37. Kh2 Re1 38. Qf3 Qe3 39. Qd5+ Qe6 40. Qxe6+
Rxe6 41. Nd2 h6 42. Nf3 Re3 43. Rf2 Kf7 44. Kg2 Kf6 45. h5 b5 46. Rd2 a5 47. Kf2
b4 48. a4 g6 49. hxg6 Kxg6 50. b3 Kh5 51. Nh2 Bc7 52. Re2 Rxe2+ 53. Kxe2 Kg6 54.
Kf3 h5 55. Nf1 Kf6 56. Nd2 Ke6 57. Nc4 Kd5 58. Kg2 Ke6 59. Kh3 Kf6 60. Kg2 Ke6
61. Kf3 Kf6 62. Nb2 Ke6 63. Nd1 Kf6 64. Nb2 {Game drawn by mutual agreement}
1/2-1/2

[Event "Team 45 45 League T37"]
[Site "Internet Chess Club"]
[Date "2008.04.27"]
[Round "1"]
[White "Gokhtra"]
[Black "CMerli"]
[Result "1-0"]
[WhiteElo "2295"]
[BlackElo "2316"]
[Opening "Pirc: Austrian attack, dragon formation"]
[ECO "B09"]
[Time "07:12:43"]
[TimeControl "2700+45"]

1. e4 d6 2. d4 Nf6 3. Nc3 g6 4. f4 Bg7 5. Nf3 c5 6. Bb5+ Bd7 7. e5 Ng4 8. e6
fxe6 9. Ng5 Bxb5 10. Nxb5 Qa5+ 11. c3 Qxb5 12. Nxe6 Qc4 13. Qxg4 cxd4 14. f5 Bf6
15. fxg6 Rg8 16. g7 Nc6 17. Nc7+ Kd8 18. Nxa8 Rxg7 19. Qe4 d5 20. Qe2 d3 21. Qf3
Ne5 22. Qf4 Rxg2 23. Qxc4 Nxc4 24. h4 d2+ 25. Bxd2 Rxd2 26. Rd1 Rxb2 27. Rxd5+
Kc8 28. O-O Ne3 29. Rc5+ Kb8 30. Rf3 b6 31. Rh5 Nc4 32. Nxb6 Nxb6 33. Rf2 Bxc3
34. Rxb2 Bxb2 35. Rxh7 Nd5 36. h5 Nf4 37. h6 Bf6 38. Rg7 Kc7 39. Rg8 Kb6 40. h7
Kb5 41. Kf2 Nd3+ 42. Kf3 Ne5+ 43. Ke4 Nf7 44. Kd5 Nh8 45. Rb8+ Ka4 46. Ke6 a5
47. Rf8 Ba1 48. Rf5 Kb4 49. Kxe7 a4 50. Rg5 Ka3 51. Rg4 Bb2 52. Kf8 Ba1 53. Kg8
Bb2 54. Kf8 Ba1 55. Ke7 Bb2 56. Kd7 Nf7 57. Kc7 Bc3 58. Kb6 Ne5 59. Rg3 Nf7 60.
Rxc3+ Kxa2 61. Rf3 Nh8 62. Rf8 {Black resigns} 1-0

[Event "Team 45 45 League T37"]
[Site "Internet Chess Club"]
[Date "2008.04.25"]
[Round "1"]
[White "trophyking"]
[Black "tini3blas"]
[Result "0-1"]
[WhiteElo "2294"]
[BlackElo "2149"]
[Opening "Philidor: exchange variation"]
[ECO "C41"]
[Time "11:34:43"]
[TimeControl "2700+45"]

1. e4 e5 2. Nf3 d6 3. d4 exd4 4. Nxd4 Bd7 5. Bc4 Nf6 6. O-O Nc6 7. Re1 Be7 8.
Nc3 O-O 9. Bf4 a6 10. Nxc6 Bxc6 11. Qf3 Re8 12. Rad1 Qd7 13. h3 Bf8 14. Bg5 b5
15. Bb3 Be7 16. Qf4 Qd8 17. a3 Rf8 18. e5 Nh5 19. Qg4 Bxg5 20. Qxh5 Bf4 21. Rd4
Qg5 22. Qxg5 Bxg5 23. exd6 Bf6 24. Rd3 cxd6 25. Rxd6 Rac8 26. Nd1 Rfd8 27. Rd3
Rxd3 28. cxd3 Bd7 29. Re2 Bf5 30. Rd2 Rc1 31. d4 a5 32. g4 Bb1 33. Kg2 a4 34.
Bd5 Rc2 35. Rd3 Rc1 36. Rc3 Rxc3 37. Nxc3 Bd3 38. Bc6 Bxd4 39. f4 Kf8 40. Kf3
Ke7 41. Be4 Bf1 42. h4 g6 43. h5 f5 44. gxf5 gxh5 45. Kg3 b4 46. Nxa4 bxa3 47.
bxa3 Be2 48. Bc2 Kf6 49. Kh3 Bg4+ 50. Kg3 h6 51. Be4 Bd1 52. Bc6 Kxf5 53. Bd7+
Ke4 54. f5 Ke5 55. f6 Kxf6 56. Kf4 Ke7 57. Bb5 h4 {White resigns} 0-1

[Event "Team 45 45 League T37"]
[Site "Internet Chess Club"]
[Date "2008.04.26"]
[Round "1"]
[White "ranaamasonika"]
[Black "FriedEggs"]
[Result "0-1"]
[WhiteElo "2203"]
[BlackElo "1968"]
[Opening "Sicilian: Sveshnikov variation"]
[ECO "B33"]
[Time "21:13:29"]
[TimeControl "2700+45"]

1. e4 c5 2. Nf3 Nc6 3. d4 cxd4 4. Nxd4 Nf6 5. Nc3 e5 6. Ndb5 d6 7. Bg5 a6 8. Na3
b5 9. Bxf6 gxf6 10. Nd5 f5 11. c3 Bg7 12. Bd3 Be6 13. Qf3 Bxd5 14. exd5 e4 15.
Qxf5 exd3 16. dxc6 Qe7+ 17. Kf1 Qe2+ 18. Kg1 O-O 19. g3 Qxb2 20. Kg2 Qxa3 21.
Qxd3 Rac8 22. Qd5 Qxc3 23. Rac1 Qe5 24. Qf3 Rfe8 25. Rhd1 Qe4 26. Rxd6 Qxf3+ 27.
Kxf3 Re6 28. Rxe6 fxe6 29. c7 Be5 30. Rc6 Rxc7 31. Rxe6 Bd4 32. Rd6 Rf7+ 33. Kg4
Bxf2 34. Rxa6 Ra7 35. Rf6 Rxa2 36. Rf5 b4 37. Rb5 Be1 38. h4 Ra3 39. Kf5 Rxg3
40. Kf6 Rf3+ 41. Kg5 b3 42. Rb8+ Kf7 43. Rb7+ Ke6 44. Rxh7 Bd2+ 45. Kg4 Rf4+ 46.
Kg3 Rb4 {White resigns} 0-1